cohdb
Replays
Latest Replays
All Replays
Popular Replays
Top Player Replays
Match Explorer
How It Works
Community
CoH3 Stats
Reddit
Sign in to upload your games and track your stats! →
Sign in with Steam
Match 46536773
Unlisted
Match 46536773
Overview
Messages
Build Orders
End
Kradschützen Motorcycle Team
Panzergrenadier Squad
Panzergrenadier Squad
Construct Light Support Kompanie
MG34 Team
Selects Italian Infantry
Selects Guastatori Squad
Guastatori Squad
Panzerjäger Mechanized Group
Fire Support Elements
Flakvierling Half-track
Selects Defensive Operations
Selects Registered Artillery
Guastatori Squad
Pak 38 Mechanized Group
Registered Artillery
Vehicle Survival Package
Construct Panzerarmee Kommand
Registered Artillery
Tungsten Core Ammunition
Selects Prepared Positions
Armored Reserves
Emergency Repair Kits
Pak 38 Anti-tank Gun Team
Selects Propaganda War
Rapid Advance
Registered Artillery
Propaganda War
Propaganda War
Selects Towed Cannone da 105/28 Field Howitzer
Tiger Heavy Tank
Panzer III L Medium Tank
Panzer III L Medium Tank
Propaganda War
Registered Artillery
Panzer IV Assault Group
Registered Artillery
Panzer III L Medium Tank
『BlackBear』
Tan_sp35
Pablo Escobar
Anne Boonchuy
benito mussolini
Canadian Heavy Infantry
0
0
Comments
sign in to comment!
No comments posted yet!